 Dungeon Crawl Stone Soup version 0.30-a0-159-g068b764562 (webtiles) character file.

Game seed: 6944502127959769041

32 qw the Shield-Bearer (level 3, -2/23 HPs)
             Began as a Gargoyle Fighter on Sept 27, 2022.
             Slain by an orc
             ... wielding a +0 falchion
              (3 damage)
             ... on level 2 of the Dungeon.
             The game lasted 00:00:26 (1146 turns).

qw the Shield-Bearer (Gargoyle Fighter)             Turns: 1146, Time: 00:00:27

Health: -2/23      AC: 11    Str: 18 (21) XL:     3   Next: 27%
Magic:  3/3        EV:  9    Int:  6 (8)  God:
Gold:   93         SH:  4    Dex:  6 (9)  Spells: 2/2 levels left

rFire   . . .      SeeInvis .    Y - +2 war axe
rCold   . . .      Faith    .    c - +0 buckler
rNeg    + . .      Spirit   .    b - +0 scale mail
rPois   inf        Reflect  .    (no helmet)
rElec   +          Harm     .    (no cloak)
rCorr   .          Rampage  .    j - +0 pair of gloves
Will    .....                    (no boots)
Stlth   ..........               (no amulet)
HPRegen 0.07/turn                (no ring)
MPRegen 0.08/turn                (no ring)

@: no status effects
A: sickness immunity, AC +3, negative energy resistance 1, electricity
resistance, torment resistance 1, petrification resistance
a: no special abilities


You were on level 2 of the Dungeon.
You visited 1 branch of the dungeon, and saw 2 of its levels.

You collected 93 gold pieces.


Innate Abilities, Weirdness & Mutations

You are immune to sickness and miasma.
Your stone body is resilient. (AC +3)
You are immune to poison.
You resist negative energy. (rN+)
You are resistant to electric shocks. (rElec)
You are resistant to unholy torment.
You are immune to petrification.


   Skills:
 - Level 3.2 Fighting
 + Level 3.2 Axes
 - Level 0.1 Throwing
 - Level 3.2 Armour
 - Level 3.2 Shields


You had 2 spell levels left.
You didn't know any spells.
Your spell library was empty.

Inventory:

Hand Weapons
 f - a +0 club
 Y - a +2 war axe (weapon)
Armour
 b - a +0 scale mail (worn)
 c - a +0 buckler (worn)
 j - a +0 pair of gloves (worn)
Jewellery
 n - a ring of fire
Scrolls
 k - a scroll of identify
Potions
 d - a potion of might
 e - a potion of heal wounds {unknown}
 l - a potion of lignification {unknown}
 p - a potion of invisibility {unknown}
 r - a potion of attraction {unknown}

Dungeon Overview and Level Annotations

Branches:
Dungeon (2/15)

Altars:

Annotations:
D:2 Terence


Message History

You hear a shout!
An orc comes into view. It is wielding a +0 club.
The orc shouts!
A kobold comes into view. It is wielding a +0 club.
You closely miss the giant cockroach.
The kobold shouts!
The giant cockroach bites you but does no damage.
An adder comes into view.
The giant cockroach closely misses you.
Terence the Incautious comes into view.
He is wielding a +0 hand axe and wearing a +2 ring mail of positive energy.
The adder hisses angrily.
You hit the giant cockroach.
The giant cockroach is heavily wounded.
The giant cockroach bites you but does no damage.
A goblin comes into view. It is wielding a +0 dagger.
The giant cockroach misses you.
A rat comes into view.
You hit the giant cockroach.
You kill the giant cockroach!
You hit the orc but do no damage.
The rat twitches its whiskers.
The orc hits you with a +0 falchion.
You slash the orc!
You kill the orc!
You closely miss the orc. The orc hits you with a +0 falchion.
You barely miss the orc. The orc hits you but does no damage.
The adder completely misses you. The kobold completely misses you.
The orc hits you with a +0 falchion.
You barely miss the adder. You slash the kobold!
You kill the kobold!
You hit the orc but do no damage. The adder bites you but does no damage.
The orc barely misses you. The adder bites you but does no damage.
You barely miss the adder. You slash the goblin!
You kill the goblin!
You hit the orc. The adder bites you but does no damage.
The orc hits you with a +0 falchion! The adder closely misses you.
The orc hits you with a +0 falchion.
You die...

......... ......[.. .
........ .. #.....#
#.. #.....# #..
#r....# ##...##S@...#
.......@o...###
..#>###.......## .##
#...........#..####..#
###.###......#....#..#
#..%...........###
######............
#####......##
#.......# #........


You could see Terence, an adder, an orc and a rat.

Vanquished Creatures
  2 orcs (D:2)
  2 ball pythons
  4 bats (D:1)
  4 endoplasms (D:1)
  2 giant cockroaches
  3 goblins
  2 hobgoblins (D:1)
  2 quokkas (D:1)
  A frilled lizard (D:1)
  3 kobolds
  2 rats (D:2)
27 creatures vanquished.

Notes
Turn   | Place    | Note
-------+----------+-------------------------------------------
     0 | D:1      | qw the Gargoyle Fighter began the quest for the Orb.
     0 | D:1      | Reached XP level 1. HP: 14/14 MP: 1/1
     0 | D:1      | 0 ||| qw: Version: 0.2-a-10-g37ed214
     0 | D:1      | 0 ||| qw: Game counter: 556
     0 | D:1      | 0 ||| qw: Always use a shield: true
     0 | D:1      | 0 ||| qw: God list: Okawaru
     0 | D:1      | 0 ||| qw: Allow faded altars: false
     0 | D:1      | 0 ||| qw: Do Orc after D:15 true
     0 | D:1      | 0 ||| qw: Do second Lair branch before Depths: true
     0 | D:1      | 0 ||| qw: Lair rune preference: random
     0 | D:1      | 0 ||| qw: Plans: Normal, Zot:1-4, God:TSO, Crypt, Tomb,
                  | Pan, Slime:5, Hells, Abyss, Orb
     0 | D:1      | 0 ||| PLANNING D:1-11
     2 | D:1      | 2 ||| Stepping randomly (stuck).
     3 | D:1      | 3 ||| Stepping randomly (stuck).
     4 | D:1      | 4 ||| Stepping randomly (stuck).
     5 | D:1      | 5 ||| Stepping randomly (stuck).
    53 | D:1      | 53 ||| Stepping ~*~*~tactically~*~*~ (stealth).
    60 | D:1      | 60 ||| Stepping ~*~*~tactically~*~*~ (stealth).
   101 | D:1      | Reached XP level 2. HP: 10/19 MP: 2/2
   751 | D:1      | Reached skill level 3 in Axes
   852 | D:1      | Reached XP level 3. HP: 23/23 MP: 3/3
  1028 | D:1      | 1028 ||| UPGRADING to +0 pair of gloves.
  1033 | D:1      | 1033 ||| READING scroll labelled TERYOR JEIPP.
  1034 | D:1      | 1034 ||| READING scroll labelled YZASUCAGURPH.
  1035 | D:1      | 1035 ||| READING 2 scrolls labelled WEEDAO VEMU.
  1036 | D:1      | 1036 ||| READING 2 scrolls labelled HOIKUTZ EPUCEH.
  1037 | D:1      | 1037 ||| READING scroll of enchant weapon.
  1037 | D:1      | 1037 ||| ENCHANTING +1 war axe.
  1038 | D:1      | 1038 ||| READING scroll labelled QAZUL JOSI.
  1039 | D:1      | 1039 ||| DRINKING 2 fizzy pink potions.
  1040 | D:1      | 1040 ||| DROPPING potion of degeneration.
  1140 | D:2      | Noticed Terence
  1146 | D:2      | HP: 1/23 [orc/+0 falchion (7)]
  1146 | D:2      | Slain by an orc

Levels and vault maps discovered:
D:1:      scummos_arrival_star, layout_basic, patterned_corridor
D:2:      layout_rooms, skrybe_limestone_x, uniq_terence

Skill      XL: |  1  2 |
---------------+-------+-----
Axes           | 2 3 |  3.2
Fighting       | |  3.2
Throwing       | |  0.1
Armour         | |  3.2
Shields        | |  3.2

Action                   || total
-------------------------++-------
Melee: War axe           ||    79
Throw: Javelin           ||     8
  Use: Scroll            ||     6
       Potion            ||     1
Armor: Scale mail        ||    57
Dodge: Dodged            ||    51
Block: Buckler           ||    14

Table legend:
 A = Non-vault XP
 B = Vault XP
 C = Vault XP percentage of total XP
 D = Non-vault monster count
 E = Vault monster count
 F = Vault count percentage of total count
                 A         B        C        D         E       F
            +---------+---------+-------+---------+---------+-------
      Total |      49 |       0 |   0.0 |      27 |       0 |   0.0
            +---------+---------+-------+---------+---------+-------
        D:1 |      34 |       0 |   0.0 |      19 |       0 |   0.0
        D:2 |      15 |       0 |   0.0 |       8 |       0 |   0.0
            +---------+---------+-------+---------+---------+-------
